 Seeded DCSS version 0.27-a0-1317-gd1140b3 (webtiles) character file.

Game seed: 2478920174494696364 (custom seed)

2 Illumine the Sneak (level 1, 0/17 HPs)
             Began as a Draconian Wanderer on June 20, 2021.
             Slain by a kobold (4 damage)
             ... on level 1 of the Dungeon.
             The game lasted 00:01:28 (220 turns).

Illumine the Sneak (Draconian Wanderer)              Turns: 220, Time: 00:01:28

Health: 0/17       AC:  4    Str: 17    XL:     1   Next: 33%
Magic:  0/2        EV: 11    Int: 11    God:
Gold:   12         SH:  0    Dex:  8    Spells: 1/2 levels left

rFire    . . .     SeeInvis .   a - +0 club
rCold    . . .     Faith    .   (no shield)
rNeg     . . .     Spirit   .   (armour unavailable)
rPois    .         Reflect  .   (helmet restricted)
rElec    .         Harm     .   (no cloak)
rCorr    .         Rampage  .   (no gloves)
Will     .....                  (no boots)
Stlth    ++........             (no amulet)
HPRegen  0.05/turn              (no ring)
MPRegen  0.08/turn              (no ring)

@: attractive, very slightly contaminated
A: AC +4, unfitting armour, cold-blooded
a: no special abilities


You were on level 1 of the Dungeon.
You visited 1 branch of the dungeon, and saw 1 of its levels.

You collected 12 gold pieces.

Inventory:

Hand Weapons
 a - a +0 club (weapon)
 b - a +0 dagger
Scrolls
 d - a scroll of identify {unknown}


   Skills:
 - Level 2.1 Fighting
 - Level 1.0 Throwing
 - Level 2.6 Stealth
 - Level 1.0 Shields
 + Level 1.1 Spellcasting
 + Level 1.1 Conjurations
 - Level 1.0 Transmutations
 + Level 0.2 Fire Magic


You had one spell level left.
You knew the following spells:

 Your Spells              Type           Power      Damage    Failure   Level
a - Foxfire               Conj/Fire      8%         2x1d4     24%         1

Your spell library contained the following spells:

 Spells                   Type           Power      Damage    Failure   Level
 Magic Dart               Conj           12%        1d3       21%         1
 Apportation              Tloc           0%         N/A       32%         1
 Blink                    Tloc           N/A        N/A       43%         2
 Call Imp                 Summ           0%         N/A       43%         2
 Slow                     Hex            0%         N/A       43%         2
 Conjure Flame            Conj/Fire      2%         6-21      58%         3
 Stone Arrow              Conj/Erth      2%         3d7       58%         3
 Mephitic Cloud           Conj/Pois/Air  1%         N/A       63%         3
 Teleport Other           Tloc           0%         N/A       67%         3


Dungeon Overview and Level Annotations

Branches:
Dungeon (1/15)

Altars:


Innate Abilities, Weirdness & Mutations

Your plain brown scales are hard. (AC +4)
You cannot fit into any form of body armour.
You are cold-blooded and may be slowed by cold attacks.


Message History

Casting: Foxfire (safe; 24% risk of failure)
Confirm with . or Enter, or press ? or * to list all spells.
You miscast Foxfire.
You are very lightly contaminated with residual magic.
Nothing appears to happen.
The kobold throws a stone.
The stone hits you.
Casting: Foxfire (safe; 24% risk of failure)
Confirm with . or Enter, or press ? or * to list all spells.
You miscast Foxfire.
Nothing appears to happen.
You closely miss the kobold. The kobold hits you but does no damage.
You barely miss the kobold.
Your tail-slap misses the kobold.
The kobold barely misses you.
You miss the kobold.
The kobold hits you with a +0 short sword. x2
A kobold is nearby!
The kobold hits you with a +0 short sword.
* * * LOW HITPOINT WARNING * * *
The kobold throws a stone.
The stone hits you but does no damage.
There is an open door here.
Your magical contamination has completely faded away.
There is a stone staircase leading down here.
The kobold throws a stone.
The stone hits you.
* * * LOW HITPOINT WARNING * * *
The kobold throws a stone.
The stone hits you.
* * * LOW HITPOINT WARNING * * *
Casting: Foxfire (safe; 24% risk of failure)
Confirm with . or Enter, or press ? or * to list all spells.
You conjure some foxfire!
The kobold throws a stone.
The stone hits you but does no damage.
Casting: Foxfire (safe; 24% risk of failure)
Confirm with . or Enter, or press ? or * to list all spells.
You miscast Foxfire.
You are very lightly contaminated with residual magic.
Nothing appears to happen.
It was a potion of attraction.
You feel attractive to monsters. The kobold is pulled toward you!
You hit the kobold but do no damage. The kobold hits you but does no damage.
You closely miss the kobold.
The kobold hits you with a +0 short sword.
You die...

##...............###..........#
...####'####.##>..............#
...#.......#.....###..........#
...#.......#†....###..........#
...#..♣♣♣..#..#.K.##.....(....#
...#..+ ..#.......####.##.##.#
...#..♣♣♣..#.##.##...##....#
r..#.......#.##.##.#.....#.#
#..#.......#.##.@K..#.#.#.######.
##.#########.#######.#.#.#.......
##...........# ##..#.#.#.#......
#..##..###.### ##..#.#<#.#.......
..####.......# #..#.#.#.#.#......
....######...###.###.#.#.#.......
....# #(...##.##.#.#.#.#...
..>.######..#......#.#.#.#.......
####...........#...#.............


You could see a kobold.

Vanquished Creatures
  2 quokkas (D:1)
2 creatures vanquished.

Vanquished Creatures (others)
  4 foxfires (D:1)
4 creatures vanquished.

Grand Total: 6 creatures vanquished

Notes
Turn   | Place    | Note
-------+----------+-------------------------------------------
     0 | D:1      | Illumine the Draconian Wanderer began the quest for the
                  | Orb.
     0 | D:1      | Illumine set off with the following items: a +0 club, a +0
                  | dagger; and the following spells available to memorise:
                  | Magic Dart, Foxfire, Apportation, Blink, Call Imp, Slow,
                  | Conjure Flame, Stone Arrow, Mephitic Cloud, Teleport Other
     0 | D:1      | Reached XP level 1. HP: 17/17 MP: 2/2
     2 | D:1      | Learned a level 1 spell: Foxfire
   220 | D:1      | Slain by a kobold

Illustrated notes

Levels and vault maps discovered:
D:1:      lightli_arrival_chessboard, layout_rooms, serial_rivers,
          chequers_serial_rivers_micro_b, chequers_serial_rivers_micro_d,
          chequers_serial_rivers_room_b, chequers_serial_rivers_micro_c,
          hellmonk_ecumenical_altar_inner_sanctum, roderic_serpentine_path

Action                   || total
-------------------------++-------
Melee: Club              ||    10
 Cast: Foxfire           ||     4
  Use: Potion            ||     1
Armor: Skin              ||     6
Dodge: Dodged            ||     4

Table legend: (Time is in decaauts)
 A = Elapsed time spent in this place.
 B = Non-inter-level travel time spent in this place.
 C = Inter-level travel time spent in this place.
 D = Time resting spent in this place.
 E = Time spent auto-exploring this place.
 F = Levels seen in this place.
 G = Mean time per level.
                   A        B        C        D        E       F      G
               +--------+--------+--------+--------+--------+-----+--------+
         Total |    222 |    222 |      0 |     34 |     41 |   1 |  222.0 |
       Dungeon |    222 |    222 |      0 |     34 |     41 |   1 |  222.0 |
               +--------+--------+--------+--------+--------+-----+--------+

Top non-repeatable levels by time:
     D:1: 222 daAuts
